 Dungeon Crawl Stone Soup version 0.27.1-1-g398f81649c (webtiles) character file.

Game seed: 1760857992180522234

650633 epyon the Hoplite (level 27, -22/264 HPs)
             Began as a Minotaur Berserker on Sept 13, 2021.
             Was the Champion of Trog.
             Killed from afar by a storm dragon (33 damage)
             ... with a bolt of lightning
             ... on level 3 of the Realm of Zot on Sept 15, 2021.
             The game lasted 13:11:37 (87849 turns).

epyon the Hoplite (Minotaur Berserker)             Turns: 87849, Time: 13:11:38

Health: -22/264    AC: 38    Str: 31    XL:     27
Magic:  22/22      EV: 11    Int: 14    God:    Trog [******]
Gold:   3301       SH: 31    Dex:  6    Spells: 26/26 levels left

rFire    + + .     SeeInvis .   a - +9 demon whip (spect)
rCold    + . .     Faith    .   T - +0 tower shield
rNeg     + . .     Spirit   .   w - +5 gold dragon scales
rPois    +         Reflect  +   F - +1 hat
rElec    .         Harm     .   t - +0 cloak {Will+}
rCorr    .         Rampage  .   Z - +2 pair of gloves
Will     ++++.                  N - +4 pair of boots "Irho" {rN+}
Stlth    ..........             n - amulet of Vaevini {Reflect Int+6 SH+5}
HPRegen  0.54/turn              h - ring of protection from fire
MPRegen  0.18/turn              X - ring of willpower

@: corroded, very slow
A: horns 2, retaliatory headbutt, clumsy 2
}: 3/15 runes: decaying, serpentine, silver
a: Renounce Religion, Berserk, Trog's Hand, Brothers in Arms


You were on level 3 of the Realm of Zot.
You worshipped Trog.
Trog was exalted by your worship.
You visited 10 branches of the dungeon, and saw 49 of its levels.
You also visited: Trove.

You collected 6125 gold pieces.
You spent 2824 gold pieces at shops.

Inventory:

Hand Weapons
 a - a +9 spectral demon whip (weapon)
 b - a +9 vampiric demon whip
 l - a +5 broad axe of flaming
 K - the +8 whip of Somewhere Else {drain, rF+ Will+ Int+3}
   (You took it off a vault warden on level 2 of the Vaults)

   A truly terrible weapon, it drains the life of any living foe it strikes.
   Int:       It affects your intelligence (+3).
   rF:        It protects you from fire.
   Will:      It increases your willpower.
Armour
 d - a +0 crystal plate armour
 f - a scarf of invisibility
 o - the +2 ratskin cloak {*Rats rPois rN+ Str-1 Int-1 Dex+1}
   (You found it on level 5 of the Vaults)

   When the wearer is hurt, rats may emerge from it to assist them.
   Str:       It affects your strength (-1).
   Int:       It affects your intelligence (-1).
   Dex:       It affects your dexterity (+1).
   rPois:     It protects you from poison.
   rN:        It protects you from negative energy.
 t - a +0 cloak of willpower (worn)
 w - +5 gold dragon scales (worn)
 F - a +1 hat (worn)
 N - the +4 pair of boots "Irho" (worn) {rN+}
   (You found it on level 3 of the Vaults)

   rN:        It protects you from negative energy.
 T - a +0 tower shield (worn)
 Y - the +0 scale mail of the Invisible Yaks {+Blink rC+}
   (You found it on level 4 of the Depths)

   rC:        It protects you from cold.
   +Blink:    It lets you blink.
 Z - a +2 pair of gloves (worn)
Jewellery
 c - an amulet of regeneration
 h - a ring of protection from fire (left hand)
 n - the amulet of Vaevini (around neck) {Reflect Int+6 SH+5}
   (You found it in a treasure trove)

   [amulet of reflection]

   It reflects blocked missile attacks.
   Int:       It affects your intelligence (+6).
   SH:        It affects your SH (+5).
 q - a ring of flight
 r - the ring "Cysadugo" {rN+ Int+6 SInv}
   (You found it in a treasure trove)

   [ring of intelligence]

   Int:       It affects your intelligence (+6).
   rN:        It protects you from negative energy.
   SInv:      It lets you see invisible.
 x - the ring of Paranoia {rElec rPois MP+9 Int+4}
   (You found it in a treasure trove)

   [ring of poison resistance]

   Int:       It affects your intelligence (+4).
   rElec:     It insulates you from electricity.
   rPois:     It protects you from poison.
   MP:        It affects your magic capacity (+9).
 y - the ring of Abem {rElec rC+ Str+4 Int-5 SInv}
   (You found it in a treasure trove)

   [ring of protection from cold]

   Str:       It affects your strength (+4).
   Int:       It affects your intelligence (-5).
   rC:        It protects you from cold.
   rElec:     It insulates you from electricity.
   SInv:      It lets you see invisible.
 E - the amulet "Noataeh" {Acrobat rF+++ Will- Regen+ Dex+3}
   (You found it on level 3 of the Depths)

   [amulet of the acrobat]

   It increases your evasion while moving and waiting.
   Dex:       It affects your dexterity (+3).
   rF:        It renders you almost immune to fire.
   Regen:     It increases your rate of health regeneration.
   Will:      It decreases your willpower.
 U - a ring of protection from fire
 W - the ring "Pebiwuat" {rPois rCorr}
   (You found it in a treasure trove)

   [ring of poison resistance]

   rPois:     It protects you from poison.
   rCorr:     It protects you from acid and corrosion.
 X - a ring of willpower (right hand)
Wands
 s - a wand of paralysis (29)
 u - a wand of acid (8)
 D - a wand of flame (140)
 G - a wand of digging (19)
 J - a wand of polymorph (18)
 P - a wand of iceblast (29)
Scrolls
 g - 7 scrolls of immolation
 p - 2 scrolls of magic mapping
 C - 2 scrolls of silence
 H - 7 scrolls of fear
 L - 7 scrolls of fog
 M - a scroll of enchant weapon
 O - 14 scrolls of teleportation
 R - a scroll of brand weapon
 S - 2 scrolls of summoning
Potions
 e - 6 potions of mutation
 j - 3 potions of invisibility
 k - 6 potions of might
 m - 4 potions of resistance
 v - 14 potions of curing
 z - 5 potions of haste
 I - 3 potions of cancellation
 Q - 4 potions of heal wounds
Miscellaneous
 i - a condenser vane
 A - a phial of floods (inert)
 V - a lightning rod (4/4)


   Skills:
 * Level 24.8 Fighting
 - Level 18.0(21.6) Axes
 - Level 20.8(23.0) Maces & Flails
 * Level 22.0 Armour
 - Level 20.0 Dodging
 - Level 25.0 Shields
 - Level 18.0 Evocations


You had 26 spell levels left.
You didn't know any spells.
Your spell library was empty.

Dungeon Overview and Level Annotations

Branches:
Dungeon (15/15)            Temple (1/1) D:6            Lair (6/6) D:9
  Swamp (4/4) Lair:4        Snake (4/4) Lair:3        Slime (0/5) Lair:5
    Orc (2/2) D:9             Elf (3/3) Orc:2        Vaults (5/5) D:14
  Crypt (0/3) Vaults:3     Depths (5/5) D:15            Zot (4/5) Depths:5

Altars:
Ashenzari
Cheibriados
Dithmenos
Elyvilon
Fedhas
Gozag
Hepliaklqana
Kikubaaqudgha
Makhleb
Nemelex Xobeh
Okawaru
Qazlal
Ru
Sif Muna
Trog
Uskayaw
Vehumet
Wu Jian
Xom
Yredelemnul
Zin
The Shining One
Beogh

Shops:
D:10 ?(:[   Orc:1 !   Orc:2 (::!!???*   Elf:2 *[   Elf:3 !   Snake:1 (!*=
Snake:4 **   Vaults:1 :   Vaults:2 (   Vaults:4 [=??

Portals:
Hell: Depths:1 Depths:2 Depths:3 Depths:4 Depths:5
Abyss: Depths:4 Depths:5
Pandemonium: Depths:2 Depths:3
Ziggurat: Depths:3

Annotations:
Zot:3 Tiamat


Innate Abilities, Weirdness & Mutations

You have a pair of horns on your head.
You reflexively headbutt those who attack you in melee.
You are very clumsy. (Dex -4)


Message History

The blast of cold hits you!! You resist.
* * * LOW HITPOINT WARNING * * *
You hear a roar!
There is a stone staircase leading up, spattered with blood here.
You can't go down here!
The white draconian shifter blinks!
The black draconian breathes lightning at you.
The bolt of lightning hits you but does no damage.
You climb upwards.
Level annotation: Tiamat Your stone giant is no longer berserk.
Your stone giant disappears in a puff of smoke!
You block the storm dragon's attack. x2; The storm dragon barely misses you.
Tiamat hits you from afar with a +2 vorpal bardiche!!
* * * LOW HITPOINT WARNING * * *
x2
There is a stone staircase leading down, spattered with blood here.
Things that are here:
a +0 short sword; a green draconian skeleton Blink to where?
Press: ? - help, Dir - move target
As you read the scroll of blinking, it crumbles to dust.
Aim the phial where?
Press: ? - help, Shift-Dir - straight line, f - storm dragon
Aim: a storm dragon The torrent of water hits the yellow draconian shifter!!!
The yellow draconian shifter is moderately wounded.
The wave splashes down.
Splash!
You fall into the shallow water.
Moving in this stuff is going to be slow.
The yellow draconian shifter is engulfed in water.
Tiamat is engulfed in water.
The storm dragon is engulfed in water.
You block Tiamat's attack.
The yellow draconian shifter spits acid at you.
The glob of acid hits you but does no damage.
The acid corrodes you!
You are splashed with acid!
* * * LOW HITPOINT WARNING * * *
The storm dragon breathes lightning at you.
The bolt of lightning hits you!!
You die...

..##.##......#..)###
[##...###....#..[.)#
##.....'.....##.>.)##
.##...##...####.....#
..##.###......###≈≈≈#
...###.##.....##≈≈≈≈#
....#.......###≈d≈D##
....##.........≈q)≈#
....#..######..[@###
<..#####...#.....#
..## #.........###
.## ##........## ##
#....#...## #
#...###### ######..#
##.###### #...##


You could see Tiamat (waterlogged), a storm dragon (catching breath,
waterlogged) and a yellow draconian shifter (catching breath, waterlogged).

Vanquished Creatures
  A dread lich (Vaults:4)
  An ancient lich (Depths:3)
  An orb of fire (Zot:1)
  The ghost of DoubleLucky the Hoplite, a veteran MiBe of Trog (Depths:4)
  Saint Roka (Vaults:3)
  4 shard shrikes (Depths:4)
  2 Killer Klowns (Zot:1)
  Frederick (Depths:3)
  A curse toe (Zot:1)
  Margery (Vaults:2)
  9 golden dragons
  the Enchantress (Depths:2)
  A bone dragon (Depths:5)
  11 tentacled monstrosities
  3 electric golems
  3 hellephants (Depths:4)
  Rupert (D:14)
  3 deep elf blademasters
  2 liches
  2 deep elf master archers (Elf:3)
  8 titans
  3 quicksilver dragons
  Asterion (Snake:1)
  7 death cobs
  11 sphinxes
  Kirke (D:12)
  Frances (Elf:1)
  2 draconian monks
  Donald (Vaults:2)
  7 tengu reavers
  14 shadow dragons
  4 thorn hunters
  18 fire giants
  20 storm dragons
  3 nagarajas
  The ghost of Zachydoop the Severer, a journeyman DsGl of Ru (Swamp:1)
  Aizul (Elf:1)
  6 frost giants
  4 deep elf sorcerers
  2 orc warlords (Vaults:1)
  3 iron dragons
  22 vault wardens
  2 draconian scorchers
  2 draconian knights
  5 spectral caustic shrikes (Depths:4)
  A draconian stormcaller (Depths:5)
  4 draconian shifters
  A draconian annihilator (Zot:3)
  29 ironbound preservers
  8 spriggan defenders
  5 deep elf elementalists
  35 very ugly things
  25 stone giants
  A juggernaut skeleton (Depths:3)
  7 war gargoyles
  7 green draconians
  4 vampire knights
  A minotaur (Lair:1)
  8 deep elf demonologists
  8 deep elf annihilators
  A dire elephant (D:15)
  7 white draconians
  8 yellow draconians
  4 entropy weavers
  8 black draconians
  2 bunyips
  10 spark wasps
  9 red draconians
  6 purple draconians
  A blizzard demon (Depths:1)
  12 ettins
  Josephine (D:13)
  10 deep elf death magi
  8 fire dragons
  5 eleionomae
  A shambling mangrove (Swamp:4)
  2 crystal guardians (Vaults:2)
  3 great orbs of eyes (shapeshifter)
  3 deep elf high priests
  22 yaktaur captains
  6 ironbound thunderhulks
  5 great orbs of eyes
  34 vault guards
  11 naga warriors
  An ogre mage (Vaults:5)
  4 ice dragons
  5 spriggan air magi
  5 catoblepae
  7 boulder beetles
  4 peacekeepers
  3 salamander tyrants (Snake:4)
  10 ironbound frosthearts
  38 hydras
  A ghost crab (Swamp:4)
  27 centaur warriors
  10 anacondas
  4 two-headed ogres
  12 alligators
  40 dancing weapons
  2 deep troll shamans
  13 death yaks
  An ironbound beastmaster (Vaults:1)
  8 tengu warriors
  6 spriggan berserkers
  7 orc high priests
  A vampire mage (Depths:3)
  9 deep troll earth magi
  14 naga sharpshooters
  3 shock serpents
  A soul eater (Depths:3)
  Sonja (D:13)
  15 deep elf knights
  12 hell knights
  11 spriggans
  5 iron trolls
  5 skeletal warriors
  A salamander mystic (Snake:2)
  A fire crab (Lair:6)
  2 naga ritualists
  A shadow wraith (Depths:3)
  5 sea snakes (Snake:4)
  A flayed ghost (Depths:2)
  13 swamp dragons
  4 goliath frogs
  A spriggan druid (Swamp:1)
  9 deep elf archers
  A glowing orange brain (shapeshifter) (Elf:1)
  A swamp dragon (shapeshifter) (Vaults:5)
  10 bog bodies
  64 deep trolls
  A shadow dragon zombie (Depths:3)
  A harpy (shapeshifter) (Elf:2)
  7 lindwurms
  19 wizards
  2 glowing orange brains
  24 deep elf zephyrmancers
  24 ironbound convokers
  4 phantasmal warriors
  11 orc knights
  6 necromancers
  13 mana vipers
  3 manticores
  2 mana vipers (shapeshifter)
  40 ugly things
  4 will-o-the-wisps
  4 orc sorcerers
  2 frost giant zombies
  42 deep elf pyromancers
  An iron dragon zombie (Depths:3)
  12 salamanders
  4 oklob plants
  6 cyclopes
  30 black mambas
  12 elephants
  24 moths of wrath
  9 guardian serpents
  11 naga magi
  Maurice (D:11)
  20 vault sentinels
  Joseph (D:10)
  A yaktaur (shapeshifter) (D:14)
  5 unseen horrors
  11 cane toads
  An anaconda simulacrum (D:14)
  7 tengu conjurers
  An efreet (D:15)
  5 rime drakes
  13 komodo dragons
  2 freezing wraiths
  47 yaktaurs
  An ice devil (Depths:2)
  A queen bee (shapeshifter) (D:15)
  4 polar bears
  A troll (shapeshifter) (Elf:3)
  8 trolls
  A merfolk (D:15)
  A meliai (D:13)
  14 hornets
  6 tyrant leeches
  A fire dragon zombie (Depths:1)
  54 slime creatures
  6 dream sheep (Lair:4)
  19 blink frogs
  6 redbacks
  Sigmund (D:3)
  An air elemental (Elf:1)
  A vampire (D:13)
  8 water elementals
  8 wraiths
  3 wyverns
  3 spriggan simulacra (D:14)
  A centaur simulacrum (D:15)
  24 humans
  40 yaks
  A tarantella (Vaults:4)
  A hog (shapeshifter) (Vaults:5)
  2 fire bats (Depths:3)
  2 hogs (D:12)
  7 basilisks
  3 steam dragons
  A minotaur simulacrum (D:14)
  5 chaos spawn (Depths:5)
  6 fire elementals
  2 vampire mosquitoes (D:13)
  35 nagas
  A harpy simulacrum (D:14)
  10 swamp worms
  The ghost of Name63 the Covered, an amateur GrFi (D:5)
  2 wargs
  3 acid dragons
  2 human zombies
  Edmund (D:4)
  18 water moccasins
  3 large abominations (Depths:5)
  13 swamp drakes
  37 orc warriors
  A sky beast (D:3)
  4 black bears
  2 necrophages
  9 wolves
  12 ogres
  18 centaurs
  3 kobold brigands
  13 bullfrogs
  2 deep troll simulacra (D:14)
  2 gnoll sergeants
  4 earth elementals
  A wyvern zombie (D:7)
  2 scorpions (D:6)
  4 small abominations (Depths:5)
  A hornet simulacrum (D:13)
  A water moccasin zombie (D:4)
  A water moccasin skeleton (D:4)
  24 killer bees
  8 electric eels
  3 howler monkeys
  3 centaur zombies
  8 crimson imps
  6 hounds
  7 jellies
  A gnoll shaman (D:7)
  2 bullfrog skeletons
  18 orc priests
  Crazy Yiuf (D:3)
  8 iguanas
  Natasha (thrice) (D:2)
  Terence (D:2)
  19 orc wizards
  7 hell rats (Lair:2)
  2 hound skeletons
  A howler monkey zombie (D:9)
  19 gnolls
  2 howler monkey skeletons
  11 adders
  A shadow imp (D:8)
  4 white imps
  6 ufetubi
  An adder zombie (D:5)
  4 worms
  2 dart slugs
  85 orcs
  8 ball pythons
  18 endoplasms
  6 giant cockroaches
  8 goblins
  5 hobgoblins
  6 jackals
  4 quokkas
  A bat (D:2)
  2 frilled lizards
  23 kobolds
  A rat (D:2)
  17 briar patches
2159 creatures vanquished.

Vanquished Creatures (collateral kills)
  Mennas (Vaults:2)
  Xtahua (Vaults:2)
  A golden dragon (Depths:2)
  Nikola (Vaults:3)
  A tentacled monstrosity (Zot:3)
  A quicksilver dragon (Snake:4)
  The ghost of Ricegish the Blocker, an adept GnFi of Okawaru (Swamp:2)
  The ghost of Kinoniko the Bludgeoner, an adept HuBe of Trog (Swamp:2)
  A draconian monk (Zot:3)
  3 frost giants
  The ghost of Siloiwa the Severer, a journeyman DsGl of Okawaru (Snake:4)
  An orc warlord (Vaults:2)
  A draconian annihilator (Zot:3)
  A deep elf elementalist (Elf:3)
  An ironbound preserver (Vaults:4)
  2 stone giants
  A very ugly thing (D:13)
  A vampire knight (Depths:2)
  The ghost of Epsin the Fighter, a journeyman MiFi of Okawaru (D:15)
  2 black draconians
  3 deep elf annihilators (Elf:3)
  A white draconian (Zot:3)
  2 deep elf death magi (Elf:3)
  A fire dragon (D:9)
  2 ice dragons (Depths:3)
  A great orb of eyes (Vaults:3)
  2 salamander tyrants (Snake:4)
  2 boulder beetles (D:13)
  A hydra (Lair:2)
  3 two-headed ogres
  The ghost of YellowTheWhite the Shield-Bearer, a novice DgFi (Lair:1)
  3 death yaks (Lair:6)
  A tengu warrior (D:13)
  A naga sharpshooter (Snake:4)
  An orc high priest (Orc:2)
  2 deep troll earth magi
  5 deep trolls
  A flayed ghost (D:13)
  An obsidian statue (Snake:4)
  A glowing orange brain (Depths:3)
  An ironbound convoker (Vaults:3)
  8 orc knights
  A deep elf pyromancer (D:13)
  2 mana vipers
  A salamander (Snake:4)
  An ugly thing (D:13)
  A deep elf zephyrmancer (Elf:3)
  An orc sorcerer (Orc:1)
  A cyclops (D:15)
  2 moths of wrath (D:15)
  3 black mambas
  A vault sentinel (Vaults:3)
  5 yaktaurs
  A troll (Orc:1)
  A meliai (D:13)
  A queen bee (Lair:2)
  A centaur simulacrum (D:13)
  2 spriggans (Depths:2)
  A yak (Lair:6)
  A warg (Orc:1)
  A water moccasin (Lair:6)
  7 orc warriors
  A centaur (D:13)
  13 killer bees (Lair:2)
  2 orc priests (Orc:2)
  2 orcs (Orc:1)
121 creatures vanquished.

Vanquished Creatures (others)
  A fire giant (Depths:4)
  A frost giant (Depths:2)
  A hydra (Swamp:4)
  A hell knight (Vaults:5)
  A deep elf knight (Elf:3)
  A deep elf zephyrmancer (Elf:2)
  A will-o-the-wisp (Swamp:4)
  3 bloated husks
  A tyrant leech (Swamp:3)
  A hornet (Depths:5)
  A shadow (D:13)
  A human (D:14)
  A swamp worm (Swamp:4)
  A swamp drake (Swamp:4)
  A centaur (D:13)
  2 orc wizards (Orc:2)
  An orc (Orc:2)
  9 briar patches
  18 foxfires
  40 fungi
  138 plants
  7 withered plants (D:4)
232 creatures vanquished.

Grand Total: 2512 creatures vanquished

Notes
Turn   | Place    | Note
-------+----------+-------------------------------------------
     0 | D:1      | epyon the Minotaur Berserker began the quest for the Orb.
     0 | D:1      | Reached XP level 1. HP: 19/19 MP: 0/0
   537 | D:1      | Found a faded altar of an unknown god.
   633 | D:1      | Reached XP level 2. HP: 27/27 MP: 1/1
   808 | D:2      | Noticed Natasha
   813 | D:2      | Killed Natasha
   814 | D:2      | Reached XP level 3. HP: 33/33 MP: 2/2
   975 | D:2      | Noticed Terence
   982 | D:2      | Killed Terence
   983 | D:2      | Reached XP level 4. HP: 41/41 MP: 3/3
  1106 | D:2      | Noticed Natasha
  1116 | D:2      | Killed Natasha
  1117 | D:2      | Reached XP level 5. HP: 30/47 MP: 4/4
  1252 | D:2      | Noticed Natasha
  1264 | D:2      | Killed Natasha
  1406 | D:2      | Reached ** piety under Trog
  1686 | D:3      | Reached skill level 5 in Fighting
  1686 | D:3      | Reached skill level 5 in Axes
  1733 | D:3      | Noticed a sky beast
  1750 | D:3      | Killed a sky beast
  1751 | D:3      | Reached XP level 6. HP: 32/56 MP: 5/5
  2065 | D:3      | Found a runed translucent door.
  2066 | D:3      | Noticed Crazy Yiuf
  2072 | D:3      | Killed Crazy Yiuf
  2140 | D:3      | Noticed Sigmund
  2160 | D:3      | Killed Sigmund
  2161 | D:3      | Reached skill level 5 in Armour
  2161 | D:3      | Reached XP level 7. HP: 62/62 MP: 6/6
  2206 | D:3      | Found a white marble altar of Elyvilon.
  3011 | D:4      | Reached *** piety under Trog
  3012 | D:4      | Reached skill level 5 in Dodging
  3173 | D:4      | Noticed Edmund
  3185 | D:4      | Killed Edmund
  3345 | D:4      | Reached XP level 8. HP: 71/71 MP: 7/7
  3742 | D:5      | Entered Level 5 of the Dungeon
  4006 | D:5      | Found a transporter.
  4006 | D:5      | Found a transporter.
  4453 | D:5      | Found a runed translucent door.
  4454 | D:5      | Noticed Name63's ghost (amateur GrFi)
  4475 | D:5      | Killed Name63's ghost
  4480 | D:5      | Found a runed translucent door.
  4779 | D:6      | Reached XP level 9. HP: 68/81 MP: 8/8
  4904 | D:6      | Reached **** piety under Trog
  5615 | D:6      | Found a staircase to the Ecumenical Temple.
  5648 | Temple   | Entered the Ecumenical Temple
  6853 | D:7      | Found an ancient bone altar of Kikubaaqudgha.
  6915 | D:7      | Found a shadowy altar of Dithmenos.
  7122 | D:8      | Reached XP level 10. HP: 91/91 MP: 9/9
  7126 | D:8      | Reached ***** piety under Trog
  7131 | D:8      | Found a burning altar of Makhleb.
  7204 | D:8      | Found a shimmering blue altar of Sif Muna.
  7248 | D:8      | Received a gift from Trog
  8066 | D:9      | Found a staircase to the Orcish Mines.
  8084 | D:9      | Noticed a fire dragon
  8103 | D:9      | Killed a fire dragon
  8117 | D:9      | Found a staircase to the Lair.
  8274 | D:9      | Reached skill level 10 in Fighting
  8274 | D:9      | Reached skill level 10 in Axes
  8555 | D:9      | Identified the +7 quarterstaff of Caotiep {vamp, Fly rPois
                  | rC- rCorr}
  8815 | D:9      | Found a radiant altar of Vehumet.
  8912 | D:9      | Found a bloodstained altar of Trog.
  9122 | D:10     | Entered Level 10 of the Dungeon
  9278 | D:10     | Noticed Joseph
  9305 | D:10     | Killed Joseph
  9306 | D:10     | Reached skill level 10 in Armour
  9668 | D:10     | Reached skill level 1 in Evocations
  9728 | D:10     | Found Koywazej's Magic Scroll Emporium.
  9768 | D:10     | Bought a scroll of magic mapping for 59 gold pieces
  9768 | D:10     | Bought a scroll of amnesia for 59 gold pieces
  9768 | D:10     | Bought a scroll of identify for 34 gold pieces
  9768 | D:10     | Bought a scroll of identify for 34 gold pieces
  9768 | D:10     | Bought a scroll of identify for 34 gold pieces
  9795 | D:10     | Found Baria's Antique Weapon Shoppe.
  9894 | D:10     | Found a snail-covered altar of Cheibriados.
 10017 | D:10     | Reached skill level 1 in Shields
 10152 | D:10     | Found Vejaorch's Book Boutique.
 10170 | D:10     | Reached skill level 2 in Shields
 10208 | D:10     | Found Yvashric's Antique Armour Emporium.
 10275 | D:10     | Reached skill level 3 in Shields
 10291 | D:10     | Reached skill level 4 in Shields
 10291 | D:10     | Reached XP level 11. HP: 97/101 MP: 10/10
 10309 | D:10     | Reached skill level 5 in Shields
 10324 | D:10     | Reached skill level 6 in Shields
 10497 | D:11     | Noticed Maurice
 10505 | D:11     | Killed Maurice
 10506 | D:11     | Reached skill level 7 in Shields
 10671 | D:11     | Reached skill level 8 in Shields
 10688 | D:11     | Reached skill level 9 in Shields
 10767 | D:11     | Noticed a four-headed hydra
 10781 | D:11     | Killed a four-headed hydra
 10790 | D:11     | Reached skill level 10 in Shields
 11018 | D:11     | Reached skill level 11 in Shields
 11292 | D:12     | Noticed a two-headed ogre
 11302 | D:12     | Killed a two-headed ogre
 11591 | D:12     | Noticed a centaur warrior
 11641 | D:12     | Noticed a deep elf pyromancer
 11778 | D:12     | Killed a deep elf pyromancer
 11855 | D:12     | Noticed Kirke
 11872 | D:12     | Killed Kirke
 11873 | D:12     | Reached XP level 12. HP: 108/108 MP: 11/11
 12170 | D:12     | Noticed a two-headed ogre
 12177 | D:12     | Killed a two-headed ogre
 12321 | D:12     | HP: 2/162 [enormous slime creature (58)]
 12970 | D:13     | Noticed a four-headed hydra
 12984 | D:13     | Killed a four-headed hydra
 13182 | D:13     | Reached skill level 10 in Dodging
 13228 | D:13     | Noticed a centaur warrior
 13239 | D:13     | Noticed Josephine
 13661 | Lair:1   | Entered Level 1 of the Lair of Beasts
 13687 | Lair:1   | Received a gift from Trog
 13828 | Lair:1   | Reached skill level 12 in Shields
 13885 | Lair:1   | Reached ****** piety under Trog
 13978 | Lair:1   | Found a runed translucent gate.
 13987 | Lair:1   | Noticed an eight-headed hydra
 14004 | Lair:1   | Killed an eight-headed hydra
 14008 | Lair:1   | Found a runed translucent gate.
 14009 | Lair:1   | Found a runed translucent gate.
 14034 | Lair:1   | Noticed a six-headed hydra
 14049 | Lair:1   | Killed a six-headed hydra
 14050 | Lair:1   | Reached XP level 13. HP: 66/116 MP: 12/12
 14684 | Lair:1   | Noticed YellowTheWhite's ghost (novice DgFi)
 14685 | Lair:1   | Noticed a minotaur
 14753 | Lair:1   | Killed YellowTheWhite's ghost
 14762 | Lair:1   | Killed a minotaur
 15276 | Lair:2   | You fall into a shaft and drop 1 floor!
 15573 | Lair:2   | Reached skill level 5 in Evocations
 16894 | Lair:3   | Received a gift from Trog
 17397 | Lair:3   | Found a staircase to the Snake Pit.
 18634 | Lair:4   | Found a glowing golden altar of the Shining One.
 18692 | Lair:4   | Found a staircase to the Swamp.
 18705 | Lair:4   | Reached skill level 13 in Shields
 19634 | Lair:5   | Reached XP level 14. HP: 96/127 MP: 13/13
 19644 | Lair:5   | Received a gift from Trog
 20021 | Lair:5   | Found a staircase to the Slime Pits.
 21104 | Lair:6   | Entered Level 6 of the Lair of Beasts
 21571 | Lair:6   | Reached skill level 15 in Axes
 23527 | Lair:6   | Reached skill level 14 in Shields
 23600 | Lair:6   | Reached XP level 15. HP: 136/136 MP: 14/14
 24064 | Orc:1    | Entered Level 1 of the Orcish Mines
 24086 | Orc:1    | Found Ypsepe's Distillery.
 24111 | Orc:1    | Received a gift from Trog
 24147 | Orc:1    | Found a transporter.
 24173 | Orc:1    | Bought a potion of attraction for 51 gold pieces
 24462 | Orc:1    | Found a transporter.
 24791 | Orc:2    | Entered Level 2 of the Orcish Mines
 24791 | Orc:2    | Found Emanor's Book Emporium.
 25646 | Orc:2    | Found Zetox's Distillery.
 27227 | Orc:2    | Found a staircase to the Elven Halls.
 27261 | Orc:2    | Found Ennaizib's Book Emporium.
 27310 | Orc:2    | Found Qaesiora's Weapon Emporium.
 27354 | Orc:2    | Found a bloodstained altar of Trog.
 27381 | Orc:2    | Found Weuph's Distillery.
 27389 | Orc:2    | Bought a potion of experience for 650 gold pieces
 27389 | Orc:2    | Bought a potion of magic for 104 gold pieces
 27389 | Orc:2    | Bought a potion of resistance for 130 gold pieces
 27389 | Orc:2    | Reached XP level 16. HP: 146/146 MP: 15/15
 27422 | Orc:2    | Bought a potion of flight for 42 gold pieces
 27603 | Orc:2    | Found Vublooleups's Magic Scroll Shop.
 27603 | Orc:2    | Found Gaacion's Magic Scroll Shop.
 27604 | Orc:2    | Found Yzuilio's Assorted Antiques.
 27604 | Orc:2    | Found Suath's Magic Scroll Boutique.
 27612 | Orc:2    | Bought a scroll of vulnerability for 127 gold pieces
 27612 | Orc:2    | Bought a scroll of identify for 34 gold pieces
 27612 | Orc:2    | Bought a scroll of silence for 127 gold pieces
 27614 | Orc:2    | Bought a scroll of identify for 30 gold pieces
 27614 | Orc:2    | Bought a scroll of identify for 30 gold pieces
 27614 | Orc:2    | Bought a scroll of identify for 30 gold pieces
 27621 | Orc:2    | Bought a scroll of identify for 56 gold pieces
 27622 | Orc:2    | Bought a scroll of fog for 24 gold pieces
 27622 | Orc:2    | Bought a scroll of identify for 24 gold pieces
 27707 | Orc:1    | Identified the +11 quarterstaff "Poexoud" {vorpal, rC+
                  | Dex+4} (Trog gifted it to you on level 1 of the Orcish
                  | Mines)
 27707 | Orc:1    | Received a gift from Trog
 28192 | D:13     | Found a runed translucent door.
 28338 | D:13     | Found a runed translucent door.
 28374 | D:13     | Noticed a sphinx
 28375 | D:13     | Noticed a storm dragon
 28376 | D:13     | Noticed a sphinx
 28379 | D:13     | Identified the +5 long sword of Komeqem {vamp, rElec rF+}
 28832 | D:14     | Noticed Rupert
 28832 | D:14     | Found a gate to the Vaults.
 28870 | D:13     | Noticed Sonja
 29309 | D:13     | Identified the +5 scale mail "Loniy" {rPois rN+ Will-
                  | Int+6}
 29442 | D:13     | Killed a sphinx
 29443 | D:13     | Reached skill level 15 in Shields
 29464 | D:13     | Paralysed by a sphinx for 2 turns
 29942 | Swamp:1  | Entered Level 1 of the Swamp
 30333 | Swamp:1  | Found a runed translucent gate.
 30333 | Swamp:1  | Found a runed translucent gate.
 30333 | Swamp:1  | Found a runed translucent gate.
 30333 | Swamp:1  | Noticed Zachydoop's ghost (journeyman DsGl)
 30404 | Swamp:1  | Killed Zachydoop's ghost
 31219 | Swamp:1  | Reached XP level 17. HP: 154/154 MP: 16/16
 32233 | Swamp:2  | Reached skill level 15 in Armour
 32739 | Swamp:2  | Found a runed translucent gate.
 32739 | Swamp:2  | Found a runed translucent gate.
 32739 | Swamp:2  | Found a runed translucent gate.
 32746 | Swamp:2  | Noticed Kinoniko's ghost (adept HuBe)
 32746 | Swamp:2  | Noticed Ricegish's ghost (adept GnFi)
 32760 | Swamp:2  | You are sucked into a shaft and drop 1 floor!
 32775 | Swamp:3  | Reached skill level 16 in Shields
 33135 | Swamp:3  | Identified the ring "Juucof" {rPois Int+4}
 33563 | Swamp:2  | Killed Kinoniko's ghost
 33572 | Swamp:2  | Killed Ricegish's ghost
 33860 | Swamp:3  | Reached skill level 17 in Shields
 34835 | Swamp:4  | Entered Level 4 of the Swamp
 34972 | Swamp:4  | Identified a scroll of acquirement
 35837 | Swamp:3  | Reached skill level 18 in Shields
 37238 | Swamp:4  | Reached skill level 19 in Shields
 37657 | Swamp:4  | Reached XP level 18. HP: 140/162 MP: 17/17
 37882 | Swamp:4  | Got a decaying rune of Zot
 38111 | Snake:1  | Entered Level 1 of the Snake Pit
 38221 | Snake:1  | Found Siffom's Jewellery Emporium.
 38239 | Snake:1  | Found Zennaut's Assorted Antiques.
 38239 | Snake:1  | Found Kywexam's Distillery.
 38244 | Snake:1  | Found Heor Zual's Weapon Shoppe.
 38452 | Snake:1  | Noticed Asterion
 38470 | Snake:1  | Killed Asterion
 39138 | Snake:2  | Reached skill level 20 in Shields
 39142 | Snake:2  | Identified the +5 halberd of Earthquakes {protect, Int+2}
 39245 | Snake:2  | Received a gift from Trog
 39813 | Snake:2  | You fall into a shaft and drop 1 floor!
 40196 | Snake:3  | Reached skill level 21 in Shields
 42321 | Snake:4  | Entered Level 4 of the Snake Pit
 42433 | Snake:4  | Found Rajitig's Assorted Antiques.
 42675 | Snake:4  | Reached skill level 22 in Shields
 43740 | Snake:4  | Found a runed translucent gate.
 43740 | Snake:4  | Found a runed translucent gate.
 43740 | Snake:4  | Found a runed translucent gate.
 43742 | Snake:4  | Found an opulent altar of Gozag.
 43743 | Snake:4  | Noticed Siloiwa's ghost (journeyman DsGl)
 44138 | Snake:4  | Reached XP level 19. HP: 169/169 MP: 18/18
 44287 | Snake:4  | Reached skill level 23 in Shields
 44723 | Snake:4  | Got a serpentine rune of Zot
 45013 | Snake:4  | Found Ihiaveist's Assorted Antiques.
 45060 | Snake:4  | Killed Siloiwa's ghost
 45071 | Snake:4  | Lost intelligence.
 46296 | D:13     | Paralysed by a sphinx for 3 turns
 46520 | D:13     | Killed Josephine
 46982 | D:13     | Killed Sonja
 47191 | D:13     | Received a gift from Trog
 47808 | D:14     | Killed Rupert
 48079 | D:14     | Reached skill level 24 in Shields
 48499 | D:15     | Entered Level 15 of the Dungeon
 48762 | D:15     | Found a transporter.
 48776 | D:15     | Found a transporter.
 48779 | D:15     | Noticed Epsin's ghost (journeyman MiFi)
 48781 | D:15     | Found a bloodstained altar of Trog.
 49063 | D:15     | Found a stormy altar of Qazlal.
 49315 | D:15     | Found a staircase to the Depths.
 49727 | D:15     | Identified the +4 scale mail of Kufiss {+Inv rF+ Str-2
                  | Int+2}
 49750 | D:15     | Killed Epsin's ghost
 49966 | Vaults:1 | Entered Level 1 of the Vaults
 50172 | Vaults:1 | Reached skill level 15 in Fighting
 50326 | Vaults:1 | Reached skill level 25 in Shields
 50576 | Vaults:1 | Received a gift from Trog
 51002 | Vaults:1 | Reached XP level 20. HP: 143/180 MP: 19/19
 51135 | Vaults:1 | Found Rucyachoc's Book Emporium.
 52090 | Vaults:1 | Identified the +1 robe of Weninn {Regen+ Archmagi}
 52633 | Vaults:2 | Reached skill level 10 in Evocations
 52679 | Vaults:2 | Received a gift from Trog
 52951 | Vaults:2 | Identified the +8 whip of Somewhere Else {drain, rF+ Will+
                  | Int+3}
 53014 | Vaults:2 | Noticed Xtahua
 53027 | Vaults:2 | Killed Xtahua
 54151 | Vaults:2 | Received a gift from Trog
 54195 | Vaults:2 | Noticed Margery
 54219 | Vaults:2 | Killed Margery
 54510 | Vaults:2 | Reached skill level 1 in Maces & Flails
 55009 | Vaults:2 | Reached XP level 21. HP: 192/194 MP: 20/20
 55216 | Vaults:2 | Received a gift from Trog
 55393 | Vaults:2 | Found Vupriu's Antique Weapon Boutique.
 55394 | Vaults:2 | Noticed Mennas
 55443 | Vaults:2 | Killed Mennas
 55444 | Vaults:2 | Reached skill level 5 in Maces & Flails
 56159 | Vaults:3 | Identified the +4 pair of boots "Irho" {rN+}
 56471 | Vaults:3 | Noticed Donald
 56593 | Vaults:2 | Killed Donald
 57094 | Vaults:3 | Received a gift from Trog
 57764 | Vaults:3 | Noticed Saint Roka
 57791 | Vaults:3 | Killed Saint Roka
 58220 | Vaults:3 | Reached skill level 10 in Maces & Flails
 58826 | Vaults:3 | Found a staircase to the Crypt.
 58847 | Vaults:3 | Received a gift from Trog
 58860 | Vaults:3 | Noticed Nikola
 59292 | Vaults:3 | You fall into a shaft and drop 1 floor!
 60129 | Vaults:3 | Killed Nikola
 60218 | Vaults:3 | Reached XP level 22. HP: 204/204 MP: 21/21
 60446 | Vaults:4 | Found Kobi's Magic Scroll Shoppe.
 60453 | Vaults:4 | Found Zotigucu's Jewellery Shoppe.
 60456 | Vaults:4 | Bought a scroll of teleportation for 57 gold pieces
 60456 | Vaults:4 | Bought a scroll of enchant armour for 142 gold pieces
 60610 | Vaults:4 | Paralysed by a sphinx for 2 turns
 61111 | Depths:1 | Entered Level 1 of the Depths
 61182 | Depths:1 | Found a blossoming altar of Fedhas.
 61339 | Depths:1 | Found a gateway to Hell.
 62252 | Depths:2 | Received a gift from Trog
 62405 | Depths:2 | Noticed the Enchantress
 62422 | Depths:2 | Killed the Enchantress
 63042 | Depths:2 | Noticed a golden dragon
 63169 | Depths:2 | Killed a golden dragon
 63720 | Depths:2 | Identified the +5 hunting sling of Rauf Vorgh {venom, rN+
                  | SInv}
 63740 | Depths:2 | Found a runed translucent door.
 63740 | Depths:2 | Found a runed translucent door.
 63752 | Depths:2 | Identified the +6 glaive "Zateing" {freeze, rC- Int+6}
 63754 | Depths:2 | Found a runed translucent door.
 64876 | Depths:2 | Found a one-way gate leading to the halls of Pandemonium.
 65602 | Depths:3 | Noticed Frederick
 65619 | Depths:3 | Killed Frederick
 65692 | Depths:3 | Paralysed by a great orb of eyes for 7 turns
 65889 | Depths:3 | Paralysed by a vampire knight for 5 turns
 65893 | Depths:3 | Noticed an ancient lich
 66332 | Depths:3 | Killed an ancient lich
 66333 | Depths:3 | Reached XP level 23. HP: 198/215 MP: 22/22
 66681 | Depths:3 | Received a gift from Trog
 67292 | Depths:3 | Found a gateway to a ziggurat.
 67544 | Depths:3 | Reached skill level 15 in Dodging
 67913 | Depths:3 | Identified the amulet "Noataeh" {Acrobat rF+++ Will- Regen+
                  | Dex+3}
 67975 | Depths:3 | Acquired a scarf of invisibility
 67998 | Depths:3 | Acquired a +1 hat
 68212 | Depths:4 | Found a runed translucent door.
 68221 | Depths:4 | Found a one-way gate to the infinite horrors of the Abyss.
 68519 | Depths:4 | Found a large runed translucent door.
 68520 | Depths:4 | Found a large runed translucent door.
 68638 | Depths:4 | Noticed DoubleLucky's ghost (veteran MiBe)
 68660 | Depths:4 | Killed DoubleLucky's ghost
 68768 | Depths:4 | Identified the +0 scale mail of the Invisible Yaks {+Blink
                  | rC+}
 69357 | Depths:4 | Received a gift from Trog
 69411 | Depths:4 | Noticed a shard shrike
 69411 | Depths:4 | Noticed a shard shrike
 69411 | Depths:4 | Noticed a shard shrike
 69414 | Depths:4 | Noticed a shard shrike
 69419 | Depths:4 | Killed a shard shrike
 69424 | Depths:4 | Found a runed translucent door.
 69442 | Depths:4 | Killed a shard shrike
 69779 | D:10     | Bought a scroll of teleportation for 51 gold pieces
 69779 | D:10     | Bought 2 scrolls of teleportation for 102 gold pieces
 69914 | Orc:2    | Bought a scroll of enchant armour for 90 gold pieces
 69914 | Orc:2    | Bought a scroll of teleportation for 36 gold pieces
 69927 | Orc:2    | Bought a scroll of teleportation for 45 gold pieces
 69929 | Orc:2    | Bought a scroll of teleportation for 51 gold pieces
 69929 | Orc:2    | Bought a scroll of teleportation for 51 gold pieces
 69929 | Orc:2    | Bought a scroll of silence for 127 gold pieces
 69929 | Orc:2    | Bought a scroll of teleportation for 51 gold pieces
 70164 | Snake:1  | Bought a scroll of teleportation for 75 gold pieces
 70164 | Snake:1  | Bought a scroll of enchant armour for 187 gold pieces
 70380 | Elf:1    | Entered Level 1 of the Elven Halls
 70393 | Elf:1    | Reached XP level 24. HP: 209/224 MP: 22/22
 70499 | Elf:1    | Noticed Frances
 70517 | Elf:1    | Killed Frances
 70778 | Elf:1    | Noticed Aizul
 70797 | Elf:1    | Killed Aizul
 70820 | Elf:1    | Received a gift from Trog
 71074 | Elf:1    | Found a shimmering altar of Xom.
 71477 | Elf:2    | Found Pununk's General Store.
 71499 | Elf:2    | Found Acesk's Antique Armour Emporium.
 71802 | Elf:2    | Identified the +7 eveningstar of the Demagogue {vorpal,
                  | Str+4} (Trog gifted it to you on level 2 of the Elven
                  | Halls)
 71802 | Elf:2    | Received a gift from Trog
 72077 | Elf:2    | Found a runed translucent gate.
 72077 | Elf:2    | Found a runed translucent gate.
 72077 | Elf:2    | Found a runed translucent gate.
 72769 | Elf:3    | Entered Level 3 of the Elven Halls
 73293 | Elf:3    | Found Desaiqoe's Distillery.
 73296 | Elf:3    | Received a gift from Trog
 73314 | Elf:3    | Bought a potion of might for 80 gold pieces
 73551 | Elf:3    | Identified the +4 war axe of Precise Incision {flame, rN+
                  | MP+9 Int+2}
 73962 | Elf:3    | Identified the ring "Bocrui Leucs" {rPois EV+4 Int+3}
 74078 | Elf:3    | Identified the +4 long sword "Etseiw" {freeze, *Noise rN+++
                  | Will- SInv}
 74145 | Elf:3    | Reached skill level 15 in Evocations
 74156 | Elf:3    | Acquired a manual of Maces & Flails
 74168 | Elf:3    | Identified the +9 hand axe "Killer Klown's Curse"
                  | {antimagic, rC+ Str+2 Int-2}
 74172 | Elf:3    | Identified the ring of Zafup {Ice rCorr MP+9 Dex-5}
 74761 | Vaults:4 | Reached skill level 15 in Maces & Flails
 74768 | Vaults:4 | Reached XP level 25. HP: 223/231 MP: 22/22
 75096 | Vaults:4 | Found Muifut's Magic Scroll Shoppe.
 75438 | Vaults:4 | Received a gift from Trog
 75550 | Vaults:4 | Found Feontuom's Antique Armour Boutique.
 76170 | Depths:4 | Killed a shard shrike
 76179 | Depths:4 | Killed a shard shrike
 76680 | Depths:4 | Identified the ring of Sikkuste {rN+ AC+4}
 76988 | Vaults:2 | Identified the +1 robe "Syneiveg" {Will+ Regen+ rCorr}
 77217 | Depths:5 | Entered Level 5 of the Depths
 77354 | Depths:5 | Found a hide-covered altar of Uskayaw.
 77410 | Depths:5 | Received a gift from Trog
 78197 | Depths:5 | Found a gate to the Realm of Zot.
 78436 | Depths:5 | Found a portal to a secret trove of treasure.
 78693 | Vaults:5 | Entered Level 5 of the Vaults
 78694 | Vaults:5 | Noticed a dread lich
 78702 | Vaults:4 | Received a gift from Trog
 78935 | Vaults:4 | Killed a dread lich
 78941 | Vaults:4 | Reached XP level 26. HP: 203/244 MP: 22/22
 79347 | Vaults:5 | Identified the +9 rapier "Duelly" {flame, rF++}
 79585 | Vaults:5 | Got a silver rune of Zot
 80071 | Vaults:5 | Identified the +0 troll leather armour of Cublegonuj
                  | {Regen+ rCorr Int+2}
 80483 | Vaults:5 | Received a gift from Trog
 80925 | Vaults:5 | Found the +2 ratskin cloak {*Rats rPois rN+ Str-1 Int-1
                  | Dex+1}
 80987 | Vaults:5 | Identified the +9 long sword "Secret Weapon" {vorpal, rN+
                  | rCorr}
 82156 | Depths:5 | You paid a toll of +3 shadow dragon scales to enter a
                  | treasure trove
 82157 | Trove    | Entered a treasure trove
 82161 | Trove    | Identified the amulet of Vaevini {Reflect Int+6 SH+5}
 82165 | Trove    | Identified the ring "Cysadugo" {rN+ Int+6 SInv}
 82168 | Trove    | Identified the ring "Hasi Sisch" {Str+3 Int+6}
 82173 | Trove    | Identified the ring of Abem {rElec rC+ Str+4 Int-5 SInv}
 82174 | Trove    | Identified the ring "Waideut" {Ice Drain Fly rElec Dex+6}
 82177 | Trove    | Identified the ring of Paranoia {rElec rPois MP+9 Int+4}
 82181 | Trove    | Identified the ring "Ixomus" {rF- rC+ Str+8}
 82183 | Trove    | Identified the ring "Pebiwuat" {rPois rCorr}
 82271 | Zot:1    | Entered Level 1 of the Realm of Zot
 82494 | Zot:1    | Received a gift from Trog
 82705 | Zot:1    | Noticed an orb of fire
 82708 | Zot:1    | Gained mutation: You are clumsy. (Dex -2) [an orb of fire]
 82716 | Zot:1    | Gained mutation: You are very clumsy. (Dex -4) [an orb of
                  | fire]
 82720 | Zot:1    | Killed an orb of fire
 82978 | Zot:1    | Reached XP level 27. HP: 88/259 MP: 22/22
 83487 | Zot:1    | Identified the +7 long sword of Departure {pain, Int+2
                  | SInv}
 87824 | Zot:4    | Found the +4 dragonskin cloak
 87824 | Zot:4    | Noticed Tiamat
 87848 | Zot:3    | HP: 10/264 [acid[Tiamat] (12)]
 87849 | Zot:3    | Killed from afar by a storm dragon

Illustrated notes

Levels and vault maps discovered:
D:1:      minmay_arrival_plants_in_alcoves, layout_loops_ring,
          dilly_ecumenical_altar_fadedgnrine
D:2:      layout_basic, chequers_hall_statues_wall_a, chequers_big_river,
          uniq_natasha, uniq_terence
D:3:      layout_loops_ring, mainiacjoe_overflow_six_doors_small,
          minmay_misc_feat_four_crosses, minmay_diced_spiral,
          uniq_crazy_yiuf_cottage, uniq_sigmund
D:4:      layout_basic, serial_undead, serial_undead_b, serial_undead_e,
          serial_undead_e, serial_undead_a, minmay_misc_feat_chi,
          kennysheep_small_square, uniq_edmund
D:5:      gammafunk_wand_slinger, layout_loops_ring, ebering_ghost_sewer_f
D:6:      layout_layer_cave, minmay_temple_entry_gardened_gates,
          minmay_fire_ice_demons
D:7:      layout_cave_pools, nicolae_dithmenos_shadow_blocks,
          general_overflow_altar
D:8:      layout_cave_pods, bloody_makhleb, nicolae_sif_muna_condensation,
          minmay_nine_imps
D:9:      layout_basic, vehumet_altar_wand_db, trog_hazing_becter,
          minmay_lair_entry_lava, orc_0_dummy
D:10:     erik_cavepeople, layout_basic,
          mainiacjoe_overflow_concentric_impassable, serial_shops,
          nicolae_take_the_stairs, shop, nicolae_stop_n_shop_2,
          nicolae_diamond_shop, st_stairs_10, serial_bayou_ford_a, uniq_joseph
D:11:     layout_small_grid, uniq_maurice
D:12:     layout_loops_ring, centaur_isle, uniq_kirke
D:13:     minmay_expanding_circles, layout_loops_ring, serial_bayou,
          serial_bayou_shore_a, serial_bayou_crossing, serial_bayou_pond_d,
          serial_bayou_pond_d, hangedman_decor_riveting, grunt_tough_drop,
          uniq_sonja, uniq_josephine
D:14:     layout_gridville, david_vaults_3, portal_ice_cave_entry_ice_simulacra,
          serial_park_avenue1, wad_floor_pattern_2
D:15:     hangedman_depths_entry_try_elsewhere_first, layout_irregular_city,
          gammafunk_ghost_wrathful_warriors, grunt_qazlal_clouds
Temple:   minmay_temple_curvy_branch
Lair:1:   layout_regular_city, gauntlet_entry_generic,
          maelrawn_ghost_gauntlet_escape, chequers_serial_rivers_large_a,
          small_statue_intersection, guppyfry_lair_drakes
Lair:2:   layout_roguey [special_room_bee]
Lair:3:   cheibrodos_lair_overgrown_chateau, layout_gridlike,
          minmay_snake_entry_guardpost_large, st_stairs_3,
          chequers_serial_rivers_small_3, uniq_rupert
Lair:4:   layout_cave_pods, skrybe_swamp_entry_bodies, basic_altar
Lair:5:   layout_small_grid, nicolae_slime_entry_slimehenge,
          infiniplex_staircase_pool
Lair:6:   evilmike_catoblepas_cave, layout_loops_ring,
          minmay_lair_oklob_chamber, grunt_megastairs_4
Swamp:1:  layout_falls_marsh, ebering_ghost_rock_garden,
          evilmike_swamp_ruin_house_3
Swamp:2:  layout_basic_swamp, gammafunk_ghost_cemetery,
          evilmike_swamp_ruin_rubble_2, swamp_pool5,
          nicolae_swamp_stuck_in_the_mud
Swamp:3:  layout_basic_swamp, evilmike_swamp_ruin_house_5, swamp_pool5,
          nicolae_swamp_baby_hydras
Swamp:4:  swamp_basic_johnstein, layout_basic_swamp
Snake:1:  layout_onion_interference, minmay_shoptagon, uniq_asterion
Snake:2:  layout_cave_shapes, lemuel_fruit_tree
Snake:3:  layout_misc_corridors
Snake:4:  hellmonk_snake_rune_quicksilver_temple, layout_onion,
          ebering_ghost_gozag, grunt_ministairs_6, nicolae_snake_springs,
          minmay_shop_star
Orc:1:    gammafunk_beogh_shrine, layout_diamond_mine, serial_shops, shop
Orc:2:    st_orc_pillars, layout_caves, serial_shops, nicolae_lakefront_shop,
          shop, nicolae_shop_trees, nicolae_shop_statue_plus, shop, basic_altar
Elf:1:    minmay_elf_arrival_summoners, layout_loops_corners, basic_altar,
          minmay_elf_demonology, uniq_aizul, uniq_frances
Elf:2:    nicolae_elf_blades_splatter_lattice [nicolae_blade_tridents],
          layout_gridlike, serial_sigils, serial_sigils_hangedman_snap,
          serial_sigils_hangedman_gnaw, serial_sigils_hangedman_stare,
          serial_sigils_hangedman_scratch, serial_sigils_hangedman_confine,
          serial_shops, shop, shop
Elf:3:    elf_hall, layout_loops_cross, serial_shops, shop
Vaults:1: v_misc_14, st_lines, grunt_vaults_diagonal, nicolae_vaults_network_s,
          nicolae_vaults_little_squares_4, vaults_mumra_hexcomb,
          hangedman_vaults_impose, vaults_room_grunt_arrival_checkpoint,
          vaults_room_grid, vaults_room_grunt_arrival_ludios, vaults_room_pools,
          vaults_dpeg_ring, layout_vaults_big_room, serial_shops, shop
Vaults:2: vaults_mumra_minichess, grunt_vaults_focal,
          nicolae_vaults_big_angled_halls, nicolae_vaults_little_squares_3,
          ontoclasm_vaults_fault, nicolae_vaults_quartermaster,
          hangedman_vaults_corner, nicolae_vaults_ring_of_whatevers,
          nicolae_vaults_network_periphery, hangedman_vaults_maws,
          nicolae_vaults_little_squares_1, hangedman_vaults_corner_blocks,
          nicolae_vaults_little_squares_1, hangedman_vaults_trim,
          ontoclasm_vaults_gateway, nicolae_vaults_specimen_jars,
          dpeg_vaults_monster_box, layout_vaults_big_cross, serial_shops, shop,
          uniq_mennas, uniq_xtahua, uniq_margery
Vaults:3: vaults_room_corners, v_alt_pattern_5, hangedman_vaults_impose,
          v_misc_5, nicolae_vaults_three_branches,
          nicolae_vaults_border_crossing, st_cells, layout_vaults_omnigrid,
          infiniplex_enter_wizlab_water, uniq_donald, uniq_saint_roka,
          uniq_nikola
Vaults:4: v_misc_22, nicolae_vaults_hallways_thing,
          nicolae_vaults_stairing_the_circle, nicolae_vaults_halls_meeting,
          vaults_standard_mumra_enter_the_diamond,
          ontoclasm_vaults_decontamination, v_misc_19, ontoclasm_vaults_spin,
          ontoclasm_vaults_shuriken, v_alt_pattern_2, hangedman_vaults_trim,
          layout_vaults_maze_snakey, serial_shops,
          nicolae_shop_temple_entry_statues_fountains, shop_statue, shop_statue,
          nicolae_shop_behind_doors
Vaults:5: serial_shops
Depths:1: layout_twisted_cross, fedhas_altar_4, hangedman_coc_ice_floe,
          grunt_decor_mini_mirrors, abandoned_shop, glass_columns_a,
          lemuel_flamethrower_3
Depths:2: minmay_the_grid_four_pointed_star
          [minmay_the_grid_triangle_9x9_tough_junction,
          minmay_the_grid_triangle_9x9_warning,
          minmay_the_grid_triangle_9x9_flanged_cone,
          minmay_the_grid_triangle_9x9_subtriangle,
          minmay_the_grid_prize_four_corners_diamond_a], layout_cave_pools,
          hell_entry, grunt_pan_entry_zigzag, serial_bayou_pond_e,
          chequers_serial_rivers_micro_c, infiniplex_staircase_pillars_3a,
          serial_bayou_shore_b, serial_bayou_shore_b, uniq_enchantress
Depths:3: minmay_stepped, layout_gridlike, enter_ziggurat_d,
          grunt_decor_resistance, special_room [special_room_morgue],
          hell_entry, pan_entry, st_stairs_8, infiniplex_staircase_pool_lava,
          uniq_jory, uniq_frederick
Depths:4: mu_elemental_laboratory, layout_cave_pools, abyss_entry,
          infiniplex_staircase_zigzag_4, pf_hell_entry_tar_river,
          ebering_ghost_disaster_area
Depths:5: grunt_zot_entry_pinwheel, layout_gridville,
          nicolae_trove_entry_diagonal, hell_entry,
          nicolae_uskayaw_murder_on_the_dancefloor, minmay_room_of_horrors
Zot:1:    grunt_zot_stairs_mandelzot, layout_basic,
          hangedman_zot_decor_unnerving_road, grunt_megastairs_5
Zot:2:    layout_misc_corridors
Zot:3:    layout_twisted_circle
Zot:4:    layout_onion, uniq_tiamat

Skill      XL: |  1  2  3  4  5  6  7  8  9 10 11 12 13 14 15 16 17 18 19 20 21 22 23 24 25 26 27 |
---------------+----------------------------------------------------------------------------------+-----
Fighting       | 4 5 6 7 9 10 11 12 13 14 16 18 20 21 23 24 | 24.8
Axes           | 4 5 6 7 9 10 11 12 14 15 17 18 | 18.0
Armour         | 3 4 5 6 7 9 10 11 12 13 14 15 17 18 20 22 | 22.0
Dodging        | 3 4 5 6 8 9 10 11 12 14 16 18 19 20 | 20.0
Evocations     | 1 2 4 6 7 8 10 12 15 17 18 | 18.0
Shields        | 4 11 12 13 14 15 19 22 25 | 25.0
Maces & Flails | 2 12 14 15 20 | 20.8

Action                   |  1- 3 |  4- 6 |  7- 9 | 10-12 | 13-15 | 16-18 | 19-21 | 22-24 | 25-27 || total
-------------------------+-------+-------+-------+-------+-------+-------+-------+-------+-------++-------
Melee: Hand axe          |    34 |   103 |   335 |    26 |       |       |       |       |       ||   498
       Headbutt          |    11 |    18 |    74 |   105 |   277 |   314 |   550 |   509 |   470 ||  2328
       Broad axe         |       |       |       |   437 |   906 |  1192 |  1412 |   363 |       ||  4310
       Flail             |       |       |       |    49 |    82 |   139 |    17 |    20 |       ||   307
       Demon whip        |       |       |       |       |       |       |   421 |  1503 |  1605 ||  3529
       Eveningstar       |       |       |       |       |       |       |    19 |       |       ||    19
       Whip              |       |       |       |       |       |       |     5 |    14 |       ||    19
Invok: Berserk           |     1 |     4 |    15 |    18 |     1 |     5 |       |     1 |       ||    45
       Brothers in Arms  |       |       |       |     1 |    10 |     7 |    16 |    10 |     5 ||    49
       Trog's Hand       |       |       |       |     1 |       |     1 |     1 |       |       ||     3
Evoke: Wand              |       |       |     4 |     6 |     2 |       |     1 |     5 |     1 ||    19
       Lightning rod     |       |       |       |       |       |     2 |       |     3 |       ||     5
       Phantom mirror    |       |       |       |       |       |       |       |     1 |       ||     1
       Condenser vane    |       |       |       |       |       |       |       |       |     1 ||     1
       Phial of floods   |       |       |       |       |       |       |       |       |     1 ||     1
  Use: Scroll            |       |       |     5 |     9 |     3 |    15 |     9 |    20 |    17 ||    78
       Potion            |       |       |       |     3 |     3 |     1 |    10 |     7 |     2 ||    26
 Stab: Petrified         |       |       |       |       |     7 |       |       |       |       ||     7
       Confused          |       |       |       |       |       |     2 |       |       |       ||     2
       Distracted        |       |       |       |       |       |     1 |     2 |    20 |    39 ||    62
       Invisible         |       |       |       |       |       |       |     4 |       |       ||     4
Armor: Leather armour    |     5 |       |       |       |       |       |       |       |       ||     5
       Ring mail         |       |     2 |       |       |       |       |       |       |       ||     2
       Scale mail        |       |    33 |    52 |       |       |       |       |       |       ||    85
       Chain mail        |       |       |   115 |    50 |       |       |       |       |       ||   165
       Plate armour      |       |       |       |   194 |   475 |   571 |   487 |    67 |       ||  1794
       Gold dragon scale |       |       |       |       |       |       |       |   291 |   371 ||   662
Dodge: Dodged            |    17 |    32 |   144 |   253 |   304 |   425 |   340 |   260 |   230 ||  2005
Block: Kite shield       |       |       |       |   247 |   192 |       |       |       |       ||   439
       Tower shield      |       |       |       |       |   794 |  1604 |  1674 |  1262 |  1087 ||  6421
       Reflection        |       |       |       |       |       |       |       |       |     7 ||     7
